 Dungeon Crawl Stone Soup version 0.20.1-1-g8b1a95d66d (webtiles) character file.

13521 zx48k the Covert (level 12, -2/99 HPs)
             Began as an Octopode Wizard on Dec 8, 2017.
             Was an Elder of Ashenzari.
             Slain by a black mamba (8 damage)
             ... on level 2 of the Lair of Beasts.
             The game lasted 00:55:44 (17988 turns).

zx48k the Covert (Octopode Wizard)                 Turns: 17988, Time: 00:55:45

Health: -2/99      AC: 26    Str:  9 (11) XL:     12   Next: 6%
Magic:  1/22       EV:  2    Int: 22 (26) God:    Ashenzari [****..]
Gold:   331        SH:  9    Dex:  4 (7)  Spells: 13/25 levels left

rFire    + . .     SeeInvis +   K - +5 rapier "Cagicog" {speed, rPois rF+ Str+2} (curse)
rCold    . . .     Gourm    .   p - +0 shield (curse)
rNeg     + + +     Faith    .   (helmet currently unavailable)
rPois    +         Spirit   .   y - amulet of magic regeneration (curse)
rElec    .         Reflect  .   q - ring of protection from magic (curse)
rCorr    .         Harm     .   r - ring of poison resistance (curse)
MR       ++...     Clarity  +   i - ring of wizardry Stlth ++++++....NoTele +
                                (no ring)
Regen    0.0/turn               (no ring)
MPRegen  0.3/turn               (no ring)
                                (no ring)
                                (no ring)

@: tree-form
A: almost no armour, stealthy swim, (amphibious), 8 rings, (constrict 8), clever
1, clumsy 2, frail 1, magic resistance 1, inhibited regeneration, strong 1,
MP-powered wands
a: Curse Item, Scrying, Renounce Religion


You were on level 2 of the Lair of Beasts.
You worshipped Ashenzari.
Ashenzari was greatly pleased with you.
You were near starving.
You were a tree.
You visited 3 branches of the dungeon, and saw 15 of its levels.

You collected 638 gold pieces.
You spent 307 gold pieces at shops.

Inventory:

Hand Weapons
 b - a +2 dagger of venom
 H - a +6 short sword
 K - the cursed +5 rapier "Cagicog" (weapon) {speed, rPois rF+ Str+2}
   (You found it on level 1 of the Lair of Beasts)

   Attacks with this weapon are significantly faster.
   It affects your strength (+2).
   It protects you from fire.
   It protects you from poison.
   It has a curse placed upon it.
Armour
 a - a cursed +1 hat (melded)
 p - a cursed +0 shield (worn)
Jewellery
 f - a cursed ring of teleportation
 i - a ring of wizardry (on tentacle)
 q - a cursed ring of protection from magic (left branch)
 r - a cursed ring of poison resistance (right branch)
 y - a cursed amulet of magic regeneration (around neck)
 E - an uncursed amulet of rage
Wands
 m - a wand of lightning (0/15)
 u - a wand of flame (25/48)
 x - a wand of lightning (13/15)
 B - a wand of acid (0/15)
 D - a wand of enslavement (23/24)
 F - a wand of acid (8/15)
 J - a wand of confusion (29/48)
Scrolls
 g - 4 scrolls of immolation
 l - 3 scrolls of amnesia
 w - 2 scrolls of recharging
 A - a scroll of magic mapping
Potions
 c - 5 potions of degeneration
 e - 2 potions of invisibility {unknown}
 h - 4 potions of berserk rage {unknown}
 j - 2 potions of resistance {unknown}
 k - 3 potions of curing
 n - 2 potions of lignification
 z - a potion of brilliance
 I - a potion of might
Comestibles
 d - 6 meat rations
 o - 5 fruits
 s - 8 royal jellies
 v - 4 bread rations


   Skills:
 + Level 4.0 Fighting
 * Level 8.1(11.5) Short Blades
 + Level 7.2(10.7) Dodging
 * Level 13.5(16.5) Stealth
 * Level 7.1(9.4) Shields
 + Level 7.0 Spellcasting
 + Level 6.7 Conjurations
   Level 1.0 Summonings
 - Level 1.0 Translocations


You had 13 spell levels left.
You knew the following spells:

 Your Spells              Type           Power        Failure   Level  Hunger
a - Magic Dart            Conj           ####         1%          1    None
b - Blink                 Tloc           N/A          7%          2    None
c - Conjure Flame         Conj/Fire      ###.....     5%          3    None
d - Mephitic Cloud        Conj/Pois/Air  ###.....     9%          3    None
e - Slow                  Hex            #.......     11%         2    None
f - Apportation           Tloc           ##....       4%          1    None


Dungeon Overview and Level Annotations

Branches:
Dungeon (12/15)            Temple (1/1) D:6            Lair (2/6) D:11
  Swamp (0/4) Lair:2          Orc (0/2) D:11
  Snake: Lair:2-4    Spider: Lair:2-4

Altars:
Ashenzari
Cheibriados
Dithmenos
Elyvilon
Fedhas
Gozag
Hepliaklqana
Kikubaaqudgha
Makhleb
Nemelex Xobeh
Okawaru
Qazlal
Ru
Sif Muna
Trog
Uskayaw
Vehumet
Xom
Yredelemnul
Zin
The Shining One
Lugonu

Shops:
D:6 :   D:7 ?   D:8 ?


Innate Abilities, Weirdness & Mutations

You cannot wear most types of armour.
You are very stealthy in the water. (Stealth+)
((You are amphibious.))
You can wear up to eight rings at the same time.
((You can use your tentacles to constrict eight enemies at once.))
((Your skin changes colour to match your surroundings (Stealth+).))
((Your rubbery body absorbs attacks. (AC +1, EV +1)))
((You have a pair of small antennae on your head.))
Your mind is acute. (Int +2)
You are very clumsy. (Dex -4)
You are frail. (-10% HP)
You are resistant to hostile enchantments. (MR+)
You do not regenerate when monsters are visible.
Your muscles are strong. (Str +2)
You expend magic power (3 MP) to strengthen your wands.


Message History

You impale the wolf!!
You kill the wolf!
You feel your dexterity returning.
Evoke which item? (* to show all) (? for menu, Esc to quit)
Okay, then.
It was a potion of degeneration.
There was something very wrong with that liquid.
You feel weakened.
You feel dopey.
You feel clumsy.
Okay, then.
You barely miss the black mamba.
The insubstantial wisp blinks!
The black mamba barely misses you.
A basilisk comes into view.
You closely miss the black mamba. You barely miss the black mamba.
The black mamba bites you!
* * * LOW HITPOINT WARNING * * *
An insubstantial wisp comes into view.
You feel better. The black mamba bites you.
* * * LOW HITPOINT WARNING * * *
The black mamba bites you!
You die...

#* ##....# *
* * *
#.#.### * ,
** * ##...#
,,., *
#...###*#..
* , *
*P.##.#.l..
* ,
##r........,
#.........,
* *,
##.........
#.♣S#.##...*
,* #†§##*#,
* , ##v§ ,*
*, #.## * *
, #.# * *
#.# , * #.#
* , , ,,*
#v# *,, *,**
, * ,


You could see a black mamba, a basilisk, 2 insubstantial wisps and a porcupine
(confused).

Vanquished Creatures
  Erica (D:8)
  3 two-headed ogres
  An unseen horror (D:11)
  2 spiny frogs (Lair:1)
  A centaur skeleton (D:11)
  A komodo dragon (D:10)
  2 hippogriffs
  A wraith (D:11)
  A human (D:7)
  A shadow (D:11)
  10 yaks
  4 hogs (D:7)
  The ghost of Peloso the Covered, an amateur HaFi (D:3)
  A porcupine (Lair:1)
  10 sky beasts
  A hornet zombie (D:9)
  3 ice beasts
  3 black bears
  An orc warrior (D:12)
  A phantom (D:10)
  4 ogres
  7 centaurs
  6 wolves (Lair:2)
  3 crocodiles
  A big kobold (D:11)
  9 bullfrogs
  2 scorpions
  6 killer bees (D:10)
  9 howler monkeys
  A jelly (D:10)
  12 wights
  4 crimson imps
  A centaur zombie (D:7)
  A quasit (D:10)
  3 hounds
  5 orc priests
  13 orc wizards
  Crazy Yiuf (D:2)
  6 iguanas
  9 worker ants
  2 hound zombies
  A hound skeleton (D:7)
  A worker ant zombie (D:5)
  3 gnolls (D:3)
  14 adders
  2 shadow imps
  An ooze (D:7)
  5 worms
  3 dart slugs (D:3)
  8 leopard geckos
  46 orcs
  5 bats
  7 giant cockroaches
  4 goblins
  9 hobgoblins
  21 jackals
  12 kobolds
  9 quokkas
  7 frilled lizards
  A leopard gecko skeleton (D:6)
  7 rats
320 creatures vanquished.

Vanquished Creatures (others)
  2 fungi (Lair:2)
2 creatures vanquished.

Grand Total: 322 creatures vanquished

Notes
Turn   | Place    | Note
-------+----------+-------------------------------------------
     0 | D:1      | zx48k the Octopode Wizard began the quest for the Orb.
     0 | D:1      | Reached XP level 1. HP: 11/11 MP: 4/4
   326 | D:1      | Reached skill level 3 in Stealth
   326 | D:1      | Reached XP level 2. HP: 17/17 MP: 0/6
   840 | D:1      | Reached XP level 3. HP: 9/21 MP: 0/7
   846 | D:1      | Learned a level 2 spell: Blink
   850 | D:1      | Learned a level 3 spell: Conjure Flame
  1100 | D:2      | Reached skill level 1 in Short Blades
  1145 | D:2      | Found a runed door.
  1875 | D:2      | Reached XP level 4. HP: 27/27 MP: 0/8
  1880 | D:2      | Learned a level 3 spell: Mephitic Cloud
  2263 | D:2      | Reached skill level 4 in Stealth
  2348 | D:2      | Noticed Crazy Yiuf
  2358 | D:2      | Killed Crazy Yiuf
  2575 | D:3      | Noticed Peloso's ghost (amateur HaFi)
  2649 | D:3      | Reached XP level 5. HP: 29/31 MP: 6/10
  2970 | D:3      | Learned a level 2 spell: Slow
  3377 | D:3      | Reached skill level 5 in Stealth
  3942 | D:4      | Reached XP level 6. HP: 36/36 MP: 8/11
  4481 | D:4      | Noticed a black bear
  4485 | D:4      | Killed a black bear
  4485 | D:4      | Reached skill level 6 in Stealth
  4485 | D:4      | Reached XP level 7. HP: 32/41 MP: 9/12
  5134 | D:5      | Entered Level 5 of the Dungeon
  5576 | D:5      | Gained mutation: You are clumsy. (Dex -2) [mutagenic meat]
  5860 | D:5      | Found a shattered altar of Ashenzari.
  5927 | D:5      | Became a worshipper of Ashenzari the Shackled
  5982 | D:5      | Learned a level 1 spell: Apportation
  6353 | D:6      | Reached skill level 7 in Stealth
  6376 | D:6      | Reached XP level 8. HP: 36/46 MP: 6/14
  6520 | D:6      | Found a staircase to the Ecumenical Temple.
  6855 | D:6      | Found Sikhlu's Book Emporium.
  7170 | D:6      | Reached skill level 8 in Stealth
  7391 | D:7      | Reached * piety under Ashenzari
  7725 | D:7      | Reached skill level 5 in Short Blades
  8239 | D:7      | Reached skill level 5 in Dodging
  8239 | D:7      | Reached XP level 9. HP: 32/51 MP: 11/16
  8244 | D:7      | Reached skill level 9 in Stealth
  8244 | D:7      | Reached skill level 5 in Spellcasting
  8771 | Temple   | Entered the Ecumenical Temple
  9233 | D:6      | Noticed a two-headed ogre
  9909 | D:8      | Found Alint's Magic Scroll Shoppe.
  9913 | D:8      | Bought a scroll of identify for 26 gold pieces
  9913 | D:8      | Bought a scroll of magic mapping for 45 gold pieces
  9913 | D:8      | Bought a scroll of immolation for 45 gold pieces
  9913 | D:8      | Bought a scroll of identify for 26 gold pieces
  9913 | D:8      | Bought 3 scrolls of remove curse for 117 gold pieces
  9943 | D:8      | Reached skill level 10 in Stealth
  9954 | D:8      | Reached skill level 1 in Shields
  9962 | D:8      | Noticed an orange demon
  9963 | D:8      | Noticed an orange demon
  9963 | D:8      | Noticed an orange demon
  9972 | D:8      | Found a corrupted altar of Lugonu.
  9972 | D:8      | Noticed a rust devil
  9975 | D:8      | Noticed a red devil
  9994 | D:8      | Noticed Erica
 10008 | D:8      | Killed Erica
 10008 | D:8      | Reached XP level 10. HP: 41/56 MP: 15/18
 10248 | D:8      | Reached ** piety under Ashenzari
 10332 | D:8      | Gained mutation: Your body sometimes deteriorates upon taking damage. [mutagenic meat]
 10333 | D:8      | Gained mutation: One of your tentacles bears a spike. [mutagenic meat]
 10334 | D:8      | Gained mutation: You are frail. (-10% HP) [mutagenic meat]
 10335 | D:8      | Gained mutation: Your mind is acute. (Int +2) [mutagenic meat]
 10336 | D:8      | Gained mutation: Your muscles are strong. (Str +2) [mutagenic meat]
 10576 | D:8      | Found a sacrificial altar of Ru.
 10578 | D:8      | Found a radiant altar of Vehumet.
 10586 | D:8      | Found a white marble altar of Elyvilon.
 11068 | D:9      | Reached skill level 5 in Conjurations
 11211 | D:9      | Noticed a two-headed ogre
 11218 | D:9      | Killed a two-headed ogre
 11218 | D:9      | Reached skill level 11 in Stealth
 11377 | D:10     | Entered Level 10 of the Dungeon
 11528 | D:10     | Lost mutation: You are frail. (-10% HP) [mutagenic meat]
 11529 | D:10     | Lost mutation: One of your tentacles bears a spike. [mutagenic meat]
 11530 | D:10     | Gained mutation: You tend to lose your temper in combat. [mutagenic meat]
 11590 | D:10     | Reached *** piety under Ashenzari
 11992 | D:10     | Reached skill level 1 in Fighting
 11996 | D:10     | Lost mutation: Your body sometimes deteriorates upon taking damage. [mutagenic meat]
 11997 | D:10     | Gained mutation: Your body sometimes deteriorates upon taking damage. [mutagenic meat]
 11998 | D:10     | Gained mutation: You are resistant to hostile enchantments. (MR+) [mutagenic meat]
 11999 | D:10     | Gained mutation: Your magical capacity is low. (-10% MP) [mutagenic meat]
 12000 | D:10     | Gained mutation: You do not regenerate when monsters are visible. [mutagenic meat]
 12126 | D:11     | Noticed a two-headed ogre
 12129 | D:11     | Noticed a two-headed ogre
 12132 | D:11     | Killed a two-headed ogre
 12148 | D:11     | Killed a two-headed ogre
 12148 | D:11     | Reached skill level 12 in Stealth
 12148 | D:11     | Reached skill level 5 in Shields
 12148 | D:11     | Reached XP level 11. HP: 64/64 MP: 8/18
 12323 | D:12     | Noticed a death knight
 12412 | D:11     | Noticed an unseen horror
 12419 | D:11     | Killed an unseen horror
 12533 | D:11     | Found a staircase to the Lair.
 13469 | D:8      | Found a shadowy altar of Dithmenos.
 13469 | D:8      | Found a hide-covered altar of Uskayaw.
 13470 | D:8      | Found a burning altar of Makhleb.
 13471 | D:8      | Found a glowing silver altar of Zin.
 13472 | D:8      | Found a hazy altar of Hepliaklqana.
 13473 | D:8      | Found a basalt altar of Yredelemnul.
 13474 | D:8      | Found a sparkling altar of Nemelex Xobeh.
 13708 | D:7      | Found Few Paus's Magic Scroll Shoppe.
 13716 | D:7      | Bought a scroll of identify for 24 gold pieces
 13716 | D:7      | Bought a scroll of identify for 24 gold pieces
 13820 | D:7      | Lost mutation: Your muscles are strong. (Str +2) [mutagenic meat]
 13821 | D:7      | Gained mutation: You have a pair of small antennae on your head. [mutagenic meat]
 13823 | D:7      | Lost mutation: You are clumsy. (Dex -2) [mutagenic meat]
 13824 | D:7      | Lost mutation: You tend to lose your temper in combat. [mutagenic meat]
 13825 | D:7      | Gained mutation: You are clumsy. (Dex -2) [mutagenic meat]
 13923 | D:7      | Reached **** piety under Ashenzari
 14192 | D:3      | Killed Peloso's ghost
 15053 | D:8      | Gained mutation: You are very clumsy. (Dex -4) [mutagenic meat]
 15054 | D:8      | Lost mutation: Your magical capacity is low. (-10% MP) [mutagenic meat]
 15056 | D:8      | Gained mutation: You are frail. (-10% HP) [mutagenic meat]
 15623 | D:11     | Reached skill level 13 in Stealth
 16342 | D:11     | Found a staircase to the Orcish Mines.
 16408 | D:11     | Lost mutation: Your body sometimes deteriorates upon taking damage. [mutagenic meat]
 16410 | D:11     | Gained mutation: You expend magic power (3 MP) to strengthen your wands. [mutagenic meat]
 16412 | D:11     | Gained mutation: Your muscles are strong. (Str +2) [mutagenic meat]
 16981 | Lair:1   | Entered Level 1 of the Lair of Beasts
 17165 | Lair:1   | Identified the +5 rapier "Cagicog" {speed, rPois rF+ Str+2}
 17916 | Lair:1   | Reached XP level 12. HP: 39/66 MP: 18/22
 17988 | Lair:2   | Slain by a black mamba

Skill      XL: |  1  2  3  4  5  6  7  8  9 10 11 12 |
---------------+-------------------------------------+-----
Stealth        | 3 4 5 6 7 8 10 12 13 | 13.5
Short Blades   | 1 2 3 4 5 7 8 |  8.1
Dodging        | 3 4 5 6 7 |  7.2
Conjurations   | 2 3 4 5 6 |  6.7
Spellcasting   | 4 5 6 7 |  7.0
Shields        | 2 5 6 7 |  7.1
Fighting       | 2 3 4 |  4.0
Summonings     | |  1.0
Translocations | |  1.0

Action                   |  1- 3 |  4- 6 |  7- 9 | 10-12 || total
-------------------------+-------+-------+-------+-------++-------
Melee: Short sword       |    47 |    77 |       |       ||   124
       Unarmed           |     8 |       |       |       ||     8
       Constrict         |    13 |    26 |    36 |    61 ||   136
       Tentacles         |     5 |    12 |    30 |    65 ||   112
       Dagger            |       |    48 |   214 |   540 ||   802
       Kick              |       |       |       |     1 ||     1
       Rapier            |       |       |       |    56 ||    56
 Cast: Magic Dart        |    46 |    67 |    63 |   198 ||   374
       Mephitic Cloud    |       |     5 |    25 |    39 ||    69
       Conjure Flame     |       |     1 |       |     1 ||     2
       Blink             |       |     1 |    16 |    12 ||    29
Invok: Curse Item        |       |       |     4 |     3 ||     7
Evoke: Wand              |       |       |       |     5 ||     5
  Use: Scroll            |       |     6 |     5 |     9 ||    20
       Potion            |       |       |     1 |     6 ||     7
 Stab: Sleeping          |     5 |    13 |    13 |    21 ||    52
       Confused          |       |     3 |     9 |    25 ||    37
       Distracted        |       |     1 |       |       ||     1
  Eat: Chunk             |     1 |     8 |    13 |    45 ||    67
       Royal jelly       |       |     1 |       |     2 ||     3
       Bread ration      |       |       |     1 |       ||     1
       Fruit             |       |       |     3 |     6 ||     9
Armor: Skin              |     4 |    10 |     5 |    19 ||    38
Dodge: Dodged            |    44 |    81 |    96 |   153 ||   374
Block: Shield            |       |       |       |   122 ||   122
